 Seeded DCSS version 0.30-a0-715-gdb4ae3ece1 (webtiles) character file.

Game seed: 5430720872467839093 (custom seed)

27 OTABOTABOTAB the Grave Robber (level 2, 0/19 HPs)
             Began as a Mummy Necromancer on Jan 24, 2023.
             Slain by a necrophage (5 damage)
             ... on level 2 of the Dungeon.
             The game lasted 00:03:41 (1473 turns).

OTABOTABOTAB the Grave Robber (Mummy Necromancer)   Turns: 1473, Time: 00:03:42

Health: 0/19       AC:  2    Str: 17    XL:     2   Next: 93%
Magic:  6/6        EV: 12    Int: 14    God:
Gold:   60         SH:  0    Dex: 12    Spells: 6/7 levels left

rFire   x . .      SeeInvis .    c - +0 dagger
rCold   + + .      Faith    +    (no shield)
rNeg    + + +      Spirit   .    a - +0 robe
rPois   ∞          Reflect  .    (no helmet)
rElec   .          Harm     .    (no cloak)
rCorr   .          Rampage  .    (no gloves)
Will    .....                    (no boots)
Stlth   ++                       (no amulet)
HPRegen 0.23/turn                d - +6 ring of strength
MPRegen 0.10/turn                C - ring of protection from cold {rC+, !d}

@: no status effects
A: cold resistance 1, negative energy resistance 3, torment resistance 2, heat
vulnerability 1, no potions, faith
a: no special abilities


You were on level 2 of the Dungeon.
You visited 1 branch of the dungeon, and saw 2 of its levels.

You collected 60 gold pieces.

Inventory:

Hand Weapons
 c - a +0 dagger (weapon)
   (You took it off a kobold on level 1 of the Dungeon)
Missiles
 s - 8 stones
Armour
 a - a +0 robe (worn)
Jewellery
 d - a +6 ring of strength (left hand)
   (You found it on level 1 of the Dungeon)
 C - a ring of protection from cold (right hand) {rC+, !d}
   (You found it on level 2 of the Dungeon)
Scrolls
 b - a scroll of teleportation {unknown}
 e - 3 scrolls of amnesia {unknown}
 f - a scroll of noise {unknown}
 g - a scroll of identify {unknown}
 h - a scroll of torment {unknown}
 i - a scroll of brand weapon {unknown}
 j - 3 scrolls of acquirement {unknown}


   Skills:
 - Level 1.6 Dodging
 - Level 1.6 Stealth
 + Level 3.2 Spellcasting
 * Level 4.5 Necromancy


You had 6 spell levels left.
You knew the following spells:

 Your Spells              Type           Power      Damage    Failure   Level
a - Necrotise             Necr           60%        1d7       3%          1

Your spell library contained the following spells:

 Spells                   Type           Power      Damage    Failure   Level
 Vampiric Draining        Necr           15%        2d7       10%         3
 Animate Dead             Necr           15%        N/A       32%         4
 Agony                    Necr           15%        N/A       65%         5


Dungeon Overview and Level Annotations

Branches:
Dungeon (2/15)

Altars:

Shops:
D:2 ?


Innate Abilities, Weirdness & Mutations

You are immune to poison.
Your flesh is cold resistant. (rC+)
You are immune to negative energy. (rN+++)
You are immune to unholy pain and torment.
You are vulnerable to heat. (rF-)
You do not drink.
You have a special connection with the divine. (Faith)


Message History

You open the door.
There is an open door here.
You open the door.
There is an open door here.
There is an open door here.
There is an escape hatch in the floor here.
A ball python comes into view.
MP restored: 6
Okay, then.
The ball python hisses angrily.
The ball python writhes in agony.
You kill the ball python!
The dead are slithering!
You now have 5/6 mp.
No target in view!
You swap places.
You swap places.
Your ball python skeleton crumbles into dust!
There is an open door here.
You open the door.
There is an open door here.
You see here a viscous brown potion.
You see here a +0 short sword.
i - a scroll labelled KIEHURPHODD MP restored: 6 Done exploring.
Done exploring.
(D) Dungeon
Where to? (? - help)
You see here a +0 short sword.
You see here a viscous brown potion.
You see here a +0 whip.
You open the door.
There is an open door here.
There is a stone staircase leading down here.
You climb downwards.
There is a stone staircase leading up here.
An endoplasm is nearby!
An endoplasm is nearby!
The endoplasm quivers.
The endoplasm writhes in agony.
You now have 5/6 mp.
You hit the endoplasm.
You kill the endoplasm!
e - 3 scrolls labelled OSHUOC TYODAXA (gained 1)
A goblin comes into view. It is wielding a +0 club.
MP restored: 6 The goblin writhes in agony.
You now have 5/6 mp.
The goblin writhes in agony.
You kill the goblin!
The dead are walking!
You now have 4/6 mp.
No target in view!
You swap places.
j - 3 scrolls labelled ICHANW HIUVOTE MP restored: 6 Your goblin skeleton crumbles into dust!
You now have 60 gold pieces (gained 15).
s - 8 stones (gained 2)
Found Doddoiw's Magic Scroll Shoppe.
There is an entrance to Doddoiw's Magic Scroll Shoppe here.
C - a ring of protection from cold {rC+, !d}
C - a ring of protection from cold (right hand) {rC+, !d} You see here a +0 robe.
A necrophage comes into view.
The necrophage closely misses you.
The necrophage attacks as you move away!
The necrophage hits you.
You take 4 damage, and have 15/19 hp.
MASSIVE DAMAGE!!
Okay, then.
Unknown command.
You can't drink.
Okay, then.
You barely miss the necrophage. The necrophage hits you!
You take 6 damage, and have 9/19 hp.
MASSIVE DAMAGE!!
You hit the necrophage but do no damage.
The necrophage barely misses you.
You closely miss the necrophage. The necrophage misses you.
You barely miss the necrophage. The necrophage misses you.
You hit the necrophage. The necrophage hits you.
* * * LOW HITPOINT WARNING * * *
You take 4 damage, and have 5/19 hp.
MASSIVE DAMAGE!!
You can't drink.
Unknown command.
You aren't carrying any items that you can evoke.
Unknown command.
Okay, then.
You aren't carrying any items that you can evoke.
Unknown command.
Okay, then.
The necrophage misses you.
The necrophage attacks as you move away!
The necrophage misses you.
The necrophage attacks as you move away!
The necrophage hits you.
You die...

##########
.........#
########n#
#@# #.#
#.# #.###
#...#
###.# #.#
#.# #.#


You could see a necrophage.

Vanquished Creatures
  A bat (D:1)
  4 endoplasms
  A hobgoblin (D:1)
  4 jackals (D:1)
  4 kobolds (D:1)
  2 quokkas (D:1)
  2 ball pythons (D:1)
  3 goblins
  A rat (D:1)
22 creatures vanquished.

Notes
Turn   | Place    | Note
-------+----------+-------------------------------------------
     0 | D:1      | OTABOTABOTAB the Mummy Necromancer began the quest for the
                  | Orb.
     0 | D:1      | Reached XP level 1. HP: 13/13 MP: 4/4
    59 | D:1      | HP: 2/13 [quokka (5)]
   265 | D:1      | Reached skill level 3 in Spellcasting
   265 | D:1      | Reached XP level 2. HP: 11/19 MP: 0/6
  1361 | D:2      | Found Doddoiw's Magic Scroll Shoppe.
  1463 | D:2      | Noticed a necrophage
  1473 | D:2      | Slain by a necrophage

Illustrated notes

Levels and vault maps discovered:
D:1:      dpeg_arrival_boxes_within_box, layout_basic
D:2:      layout_loops_ring, serial_shops, shop, nicolae_kite_square_tiling_tiny

Skill      XL: |  1 |
---------------+----+-----
Spellcasting   | 3 |  3.2
Dodging        | |  1.6
Stealth        | |  1.6
Necromancy     | |  4.5

Action                     || total
---------------------------++-------
  Melee: Dagger            ||    25
         Unarmed           ||     2
   Cast: Necrotise         ||    38
 Armour: Robe              ||     5
  Dodge: Dodged            ||    34

Table legend: (Time is in decaauts)
 A = Elapsed time spent in this place.
 B = Non-inter-level travel time spent in this place.
 C = Inter-level travel time spent in this place.
 D = Time resting spent in this place.
 E = Time spent auto-exploring this place.
 F = Levels seen in this place.
 G = Mean time per level.
                   A        B        C        D        E       F      G
               +--------+--------+--------+--------+--------+-----+--------+
         Total |   1471 |   1400 |     71 |     91 |   1139 |   2 |  735.5 |
       Dungeon |   1471 |   1400 |     71 |     91 |   1139 |   2 |  735.5 |
               +--------+--------+--------+--------+--------+-----+--------+

Top non-repeatable levels by time:
     D:1: 1278 daAuts
     D:2: 193 daAuts

Table legend:
 A = Kills in this place as a percentage of kills in entire the game.
 B = Kills by you in this place as a percentage of kills by you in the entire game.
 C = Kills by friends in this place as a percentage of kills by friends in the entire game.
 D = Other kills in this place as a percentage of other kills in the entire game.
 E = Experience gained in this place as a percentage of experience gained in the entire game.
 F = Experience gained in this place divided by the number of levels of this place that you have seen.
                   A       B       C       D       E      F
               +-------+-------+-------+-------+-------+----------------------
         Total | 100.0 | 100.0 |   N/A |   N/A | 100.0 |  19.5
       Dungeon | 100.0 | 100.0 |   N/A |   N/A | 100.0 |  19.5
               +-------+-------+-------+-------+-------+----------------------
